 Dungeon Crawl Stone Soup version 0.23-b1-3-gdda8187c6f (webtiles) character file.

Game seed: 564226852359412501

417 Shada the Slasher (level 6, 0/47 HPs)
             Began as a Demonspawn Gladiator on Feb 1, 2019.
             Was an Initiate of Wu Jian.
             Shot with an arrow by a centaur (3 damage)
             ... on level 5 of the Dungeon.
             The game lasted 00:08:22 (1939 turns).

Shada the Slasher (Demonspawn Gladiator)            Turns: 1939, Time: 00:08:23

Health: 0/47       AC:  3    Str: 16    XL:     6   Next: 61%
Magic:  6/6        EV: 14    Int: 10    God:    Wu Jian [......]
Gold:   57         SH:  0    Dex: 19    Spells: 5/5 levels left

rFire    . . .     SeeInvis .   a - +0 long sword
rCold    . . .     Gourm    .   (no shield)
rNeg     . . .     Faith    .   b - +0 leather armour
rPois    .         Spirit   .   (helmet restricted)
rElec    .         Reflect  .   (no cloak)
rCorr    .         Harm     .   (no gloves)
MR       .....                  (no boots)
Stlth    +++.......             (no amulet)
HPRegen  0.15/turn              e - +5 ring of dexterity
MPRegen  0.10/turn              (no ring)

@: no status effects
A: antennae 1, nightstalker 1
a: Renounce Religion


You were on level 5 of the Dungeon.
You worshipped Wu Jian.
Wu Jian was noncommittal.
You were not hungry.

You visited 1 branch of the dungeon, and saw 5 of its levels.

You collected 57 gold pieces.

Inventory:

Hand Weapons
 a - a +0 long sword (weapon)
Missiles
 d - 3 throwing nets (quivered)
Armour
 b - a +0 leather armour (worn)
 c - a +0 helmet
 h - a +0 chain mail
 k - a +0 pair of gloves
Jewellery
 e - a +5 ring of dexterity (left hand)
 n - a cursed -3 ring of intelligence {unknown}
 q - an uncursed ring of protection from fire {unknown}
Scrolls
 m - a scroll of amnesia {unknown}
Potions
 g - a potion of lignification {unknown}
 i - a potion of cancellation {unknown}
 l - a potion of invisibility {unknown}
 o - 2 potions of curing
 p - a potion of brilliance {unknown}
Comestibles
 f - 4 rations


   Skills:
 + Level 3.2 Fighting
 + Level 5.1 Long Blades
 + Level 2.0 Throwing
 + Level 2.2 Armour
 + Level 3.5 Dodging
 + Level 1.1 Stealth


You had 5 spell levels left.
You didn't know any spells.
Your spell library was empty.

Dungeon Overview and Level Annotations

Branches:
Dungeon (5/15)             Temple (0/1) D:5

Altars:
Okawaru
Wu Jian
Zin


Innate Abilities, Weirdness & Mutations

You have a pair of small antennae on your head.
You are slightly more attuned to the shadows.


Message History

The centaur closely misses you.
You riposte.
You hit the centaur.
The centaur is severely wounded.
Things that are here:
3 arrows; a hound corpse You barely miss the centaur.
The centaur is severely wounded.
The centaur shoots an arrow.
The arrow closely misses you. The centaur hits you.
The centaur shoots an arrow.
The arrow completely misses you. The centaur misses you.
Unknown command.
You slash the centaur!
You kill the centaur!
The Council accepts your kill.
Your Long Blades skill increases to level 5!
The centaur shoots an arrow.
The arrow hits you!
* * * LOW HITPOINT WARNING * * *
The centaur shoots an arrow.
The arrow hits you!
* * * LOW HITPOINT WARNING * * *
The centaur shoots an arrow.
The arrow hits you.
You die...

#.⌠.# #..# ##...###..##
.### #.. ....%.<).... ...
... #####..##### ..# #.#
####..# #.# #.# ##.....#
#.# #.######...##.#
..####.####?..c....#....#
.........)(.@# #...####
..####.#####.# ##.## #.#
#.# #.# #.#####.######.#
#..............#
#######.######## #.# #.#
#.#


You could see a centaur.

Vanquished Creatures
  2 centaurs (D:5)
  A howler monkey (D:5)
  2 crimson imps
  An orc wizard (D:3)
  An iguana (D:5)
  A worker ant (D:5)
  2 oozes
  3 worms
  3 dart slugs
  2 leopard geckos
  6 orcs
  6 giant cockroaches
  3 hobgoblins
  3 bats
  A frilled lizard (D:3)
  6 kobolds
  A leopard gecko skeleton (D:4)
  4 rats
48 creatures vanquished.

Vanquished Creatures (others)
  A hound (D:5)
1 creature vanquished.

Grand Total: 49 creatures vanquished

Notes
Turn   | Place    | Note
-------+----------+-------------------------------------------
     0 | D:1      | Shada the Demonspawn Gladiator began the quest for the Orb.
     0 | D:1      | Reached XP level 1. HP: 16/16 MP: 1/1
   176 | D:1      | Gained mutation: You are slightly more attuned to the
                  | shadows. [demonic ancestry]
   176 | D:1      | Reached XP level 2. HP: 15/23 MP: 2/2
   408 | D:2      | Noticed a crimson imp
   433 | D:2      | Killed a crimson imp
   433 | D:2      | Reached skill level 3 in Long Blades
   433 | D:2      | Reached XP level 3. HP: 27/28 MP: 3/3
   792 | D:3      | Gained mutation: You have a pair of small antennae on your
                  | head. [demonic ancestry]
   792 | D:3      | Reached XP level 4. HP: 34/34 MP: 4/4
  1035 | D:3      | Reached skill level 1 in Armour
  1482 | D:4      | Found an ornate altar of the Wu Jian Council.
  1482 | D:4      | Found an iron altar of Okawaru.
  1488 | D:4      | Became a worshipper of the Wu Jian Council
  1678 | D:5      | Entered Level 5 of the Dungeon
  1686 | D:5      | Found a glowing silver altar of Zin.
  1771 | D:5      | Noticed a centaur
  1781 | D:5      | Reached XP level 5. HP: 28/40 MP: 5/5
  1783 | D:5      | Killed a centaur
  1783 | D:5      | Reached skill level 4 in Long Blades
  1783 | D:5      | Reached skill level 1 in Stealth
  1812 | D:5      | Found a staircase to the Ecumenical Temple.
  1918 | D:5      | Reached XP level 6. HP: 33/47 MP: 6/6
  1937 | D:5      | Reached skill level 5 in Long Blades
  1939 | D:5      | Shot with an arrow by a centaur

Skill      XL: |  1  2  3  4  5  6 |
---------------+-------------------+-----
Long Blades    | 3 4 5 |  5.1
Throwing       | 2 |  2.0
Dodging        | 3 |  3.5
Armour         | 1 2 |  2.2
Fighting       | 3 |  3.2
Stealth        | 1 |  1.1

Action                   |  1- 3 |  4- 6 || total
-------------------------+-------+-------++-------
Melee: Long sword        |    62 |    84 ||   146
Invok: Lunge             |       |     3 ||     3
  Use: Scroll            |     3 |     2 ||     5
       Potion            |     3 |     1 ||     4
 Stab: Sleeping          |     1 |     2 ||     3
  Eat: Ration            |       |     1 ||     1
Armor: Leather armour    |    39 |    13 ||    52
Dodge: Dodged            |    58 |    66 ||   124
       Rpst.: Long sword |    19 |    28 ||    47
